 Dungeon Crawl Stone Soup version 0.16.2-2-g470672f (webtiles) character file.

79 CrazyArbalest the Bolt Thrower (level 4, -15/37 HPs)
             Began as a Centaur Hunter on Aug 21, 2015.
             Killed by divine providence
             ... invoked by an orc priest
              (17 damage)
             ... on level 3 of the Dungeon.
             The game lasted 00:08:28 (2229 turns).

CrazyArbalest the Bolt Thrower (Centaur Hunter)     Turns: 2229, Time: 00:08:28

Health: -15/37     AC:  6    Str: 14    XL:     4   Next: 16%
Magic:  3/3        EV: 10    Int: 10    God:
Gold:   120        SH:  0    Dex: 11    Spells: 0 memorised, 3 levels left

rFire  + . .     SeeInvis .     b - +1 hand crossbow
rCold  + . .     Clarity  .     p - +2 robe {rC+ rF+}
rNeg   . . .     SustAb   .     (no shield)
rPois  .         Gourm    .     (no helmet)
rElec  .         Spirit   .     (no cloak)
rCorr  .         Warding  .     (no gloves)
rMut   .         Stasis   .     (no barding)
MR     .....                    (no amulet)
Stlth  +.........               (no ring)
                                (no ring)

@: very quick, not resistant to hostile enchantments, very unstealthy
A: hooves 3, deformed body, speed 2, tough skin 3
a: no special abilities


You were on level 3 of the Dungeon.
You were not hungry.

You visited 1 branch of the dungeon, and saw 3 of its levels.

You collected 120 gold pieces.

Inventory:

Hand weapons
 a - a +0 whip
 b - a +1 hand crossbow (weapon)
 m - a +0 hand axe
Missiles
 c - 32 bolts (quivered)
Armour
 d - a +0 leather armour
 p - a +2 robe of resistance (worn)
 q - a +0 ring mail
Jewellery
 l - a +5 ring of strength {unknown}
Scrolls
 h - 3 scrolls of remove curse {unknown}
 i - a scroll of immolation {unknown}
 n - a scroll of enchant armour {unknown}
 r - 4 scrolls of identify {unknown}
 s - a scroll of magic mapping {unknown}
 v - a scroll of random uselessness {unknown}
Potions
 e - a potion of brilliance {unknown}
 o - 2 potions of curing {unknown}
 t - a potion of might {unknown}
 u - a potion of experience {unknown}
Comestibles
 f - 4 bread rations
 g - a slice of pizza
 j - a beef jerky
 k - 3 chunks of flesh


   Skills:
 + Level 2.5 Fighting
 * Level 5.4 Crossbows
 + Level 0.7 Armour
 + Level 1.9 Dodging
 + Level 0.5 Stealth


You had 3 spell levels left.
You didn't know any spells.

Dungeon Overview and Level Annotations

Branches:
Dungeon (3/15)

Altars:
Ashenzari
Vehumet


Innate Abilities, Weirdness & Mutations

You have hooves in place of feet.
Armour fits poorly on your strangely shaped body.
You cover ground very quickly.
You have extremely tough skin (AC +3).


Message History

Firing (i - inventory):
c - 35 bolts (quivered)
Press: ? - help, Shift-Dir - straight line, f/p - orc priest
Aim: an orc priest, wielding a hand axe (heavily wounded)
You shoot a bolt. The bolt hits the orc priest!
The orc priest is almost dead.
The orc priest hits you with a hand axe.
* * * LOW HITPOINT WARNING * * *
Firing (i - inventory):
c - 34 bolts (quivered)
Press: ? - help, Shift-Dir - straight line, f/p - orc priest
Aim: an orc priest, wielding a hand axe (almost dead)
You shoot a bolt. The bolt barely misses the orc priest.
The orc priest closely misses you.
Firing (i - inventory):
c - 33 bolts (quivered)
Press: ? - help, Shift-Dir - straight line, f/p - orc priest
Aim: an orc priest, wielding a hand axe (almost dead)
You shoot a bolt. The bolt closely misses the orc priest.
The orc priest closely misses you.
The orc priest mumbles some strange prayers to Beogh against you.
Something smites you!
You die...

#o......# #. #......
+..._...+ ..#..#######.# .
#.......#..............#
#.##
##..o....#..##.###.######
...
#.........#....###.#####.
#..#⌠.##o## #..............
#..###....####.######.######
##.....#...#....# #.#
#.###..##..#...#@.########.#
#..........####o).....[....#
#########.....(.........####
#...###########.# #.### #.#
#.# #.# #.# #.# #.# #.# #.#
#.#


You could see an orc priest.

Vanquished Creatures
  2 adders (D:2)
  2 worms (D:3)
  A giant gecko (D:3)
  2 orcs (D:3)
  3 ball pythons
  5 bats
  5 goblins
  4 hobgoblins
  7 jackals
  2 giant cockroaches
  2 giant newts
  3 kobolds (D:1)
  8 rats
46 creatures vanquished.

Notes
Turn   | Place    | Note
--------------------------------------------------------------
     0 | D:1      | CrazyArbalest, the Centaur Hunter, began the quest for the Orb.
     0 | D:1      | Reached XP level 1. HP: 17/17 MP: 1/1
   488 | D:1      | Reached XP level 2. HP: 18/24 MP: 2/2
   807 | D:1      | Reached skill level 5 in Crossbows
  1159 | D:2      | Found a radiant altar of Vehumet.
  1175 | D:2      | Reached XP level 3. HP: 25/29 MP: 3/3
  2146 | D:3      | Reached XP level 4. HP: 37/37 MP: 3/3
  2199 | D:3      | Found a shattered altar of Ashenzari.
  2229 | D:3      | Killed from afar by an orc priest

Action                   |  1- 3 |  4- 6 || total
-------------------------+-------+-------++-------
Melee: Short sword       |    87 |       ||    87
       Whip              |    47 |    13 ||    60
 Fire: Hand crossbow     |    25 |     7 ||    32
  Eat: Chunk             |     3 |       ||     3
